[Event "Titled Tuesday Blitz March 29 Late 2022"]
[White "Steinberg, Nitzan"]
[Black "Hnydiuk, Aleksander"]
[WhiteFideId "2801795"]
[BlackFideId "1109057"]
[WhiteElo "2440"]
[BlackElo "2374"]
[Result "1-0"]
[Round "01"]
[TimeControl "180+1"]
[Date "2022.03.29"]
[WhiteClock "0:01:33"]
[BlackClock "0:00:19"]

1. d4 Nf6 2. Nf3 e6 3. c4 d5 4. Nc3 c5 5. cxd5 Nxd5 6. e4 Nxc3 7. bxc3 cxd4 8. cxd4 Bb4+ 9. Bd2 Bxd2+ 10. Qxd2 O-O 11. Bc4 Nd7 12. O-O b6 13. Rfe1 Bb7 14. Rad1 Rc8 15. Bb3 h6 16. Qe3 Qf6 17. h3 Rfd8 18. Rd2 Nf8 19. Ne5 Ng6 20. Nxg6 Qxg6 21. f4 Qf6 22. Rf1 Qe7 23. f5 exf5 24. Rxf5 Qxe4 25. Qxe4 Bxe4 26. Rxf7 Bd5 27. Bxd5 Rxd5 28. Rxa7 Rc4 29. Rb7 Rcxd4 30. Rxd4 Rxd4 31. Rxb6 Ra4 32. Rb2 Ra3 33. Kf2 Kf7 34. Ke2 Kf6 35. Kd2 Ke5 36. Kc2 Kf4 37. Kb1 h5 38. Rb4+ Kg5 39. Rb3 Ra4 40. a3 h4 41. Ka2 Kh5 42. Rb4 Ra5 43. a4 Rg5 44. Rb5 1-0


[Site "https://www.chess.com"]

[Event "Titled Tuesday Blitz March 29 Late 2022"]
[White "Storey, Charles H"]
[Black "Rasulov, Vugar"]
[WhiteFideId "406686"]
[BlackFideId "13402390"]
[WhiteElo "2446"]
[BlackElo "2770"]
[Result "0-1"]
[Round "01"]
[TimeControl "180+1"]
[Date "2022.03.30"]
[WhiteClock "0:00:54"]
[BlackClock "0:02:18"]

1. e4 c5 2. Nf3 e6 3. c3 Nf6 4. e5 Nd5 5. d4 cxd4 6. Qxd4 d6 7. Bd3 Nc6 8. Qe4 dxe5 9. Nxe5 Nf6 10. Nxc6 Qc7 11. Qa4 Bd7 12. Bb5 bxc6 13. Be2 Bd6 14. h3 h6 15. O-O Rb8 16. Qc2 O-O 17. Nd2 c5 18. Ne4 Nxe4 19. Qxe4 Bc6 20. Qg4 f5 21. Qg6 Rf6 22. Qh5 Kh7 23. Bf3 Rg6 24. b3 Qb7 25. Bxc6 Qxc6 26. f3 Be5 27. Bd2 Rd8 28. Rad1 Rd3 29. Bxh6 Rxh6 30. Qxh6+ Kxh6 31. Rxd3 c4 32. Re3 Qc5 0-1


[Site "https://www.chess.com"]

[Event "Titled Tuesday Blitz March 29 Late 2022"]
[White "Suder, Jakub"]
[Black "Tsukerman, Julia"]
[WhiteFideId "1195310"]
[BlackFideId "2621649"]
[WhiteElo "2058"]
[BlackElo "2134"]
[Result "1-0"]
[Round "01"]
[TimeControl "180+1"]
[Date "2022.03.30"]
[WhiteClock "0:02:18"]
[BlackClock "0:01:25"]

1. d4 d5 2. c4 e6 3. Nc3 Nf6 4. cxd5 exd5 5. Bg5 Be7 6. e3 Nbd7 7. Bd3 c6 8. Nge2 O-O 9. Qc2 Re8 10. O-O g6 11. f3 Nf8 12. Rad1 Ne6 13. Bh4 Ng7 14. Kh1 Bf5 15. Bf2 Bxd3 16. Qxd3 Qb6 17. e4 dxe4 18. fxe4 Qxb2 19. Rb1 Qa3 20. Rxb7 Rab8 21. Rfb1 Bb4 22. Rxb8 Rxb8 23. Rb3 Qa5 24. Bg3 Rd8 25. Qc4 Bd6 26. Bxd6 Rxd6 27. e5 Re6 28. exf6 Rxf6 29. Rb8+ Ne8 30. Rxe8+ Kg7 31. h3 Rf1+ 32. Kh2 1-0


[Site "https://www.chess.com"]

[Event "Titled Tuesday Blitz March 29 Late 2022"]
[White "Svane, Rasmus"]
[Black "Srinath, Rao S.V."]
[WhiteFideId "4657101"]
[BlackFideId "5028876"]
[WhiteElo "2645"]
[BlackElo "2181"]
[Result "0-1"]
[Round "01"]
[TimeControl "180+1"]
[Date "2022.03.29"]
[WhiteClock "0:00:07"]
[BlackClock "0:00:30"]

1. Nf3 Nf6 2. g3 g6 3. Bg2 Bg7 4. O-O O-O 5. d4 d6 6. Re1 Nc6 7. d5 Ne5 8. Nxe5 dxe5 9. c4 b6 10. Nc3 Bb7 11. h3 a6 12. Be3 Nd7 13. Rc1 f5 14. Bg5 Bf6 15. Bh6 Bg7 16. Bxg7 Kxg7 17. b4 a5 18. a3 axb4 19. axb4 f4 20. Ne4 Nf6 21. Ng5 Bc8 22. gxf4 exf4 23. e3 h6 24. Nf3 fxe3 25. Rxe3 Bf5 26. Nd4 Qd6 27. c5 bxc5 28. bxc5 Qd7 29. d6 cxd6 30. Bxa8 Rxa8 31. Nxf5+ gxf5 32. cxd6 exd6 33. Qd4 Rg8 34. Rg3+ Kf7 35. Rxg8 Nxg8 36. Qc4+ Qe6 37. Qf4 Ne7 38. Kh2 Qe5 39. Kg3 Ng6 40. Qxe5 dxe5 41. Rc6 Kg7 42. Kf3 h5 43. Rc1 h4 44. Rc3 Kf6 45. Ke2 Nf4+ 46. Kd2 Kg5 47. Ra3 e4 48. Ke1 Nd3+ 49. Kf1 Kf4 50. Ra8 Kf3 51. Ra2 Nf4 52. Ra3+ Nd3 53. Rb3 Kf4 54. Kg2 Ne1+ 55. Kg1 Nf3+ 56. Kf1 Nd2+ 57. Kg2 Nxb3 0-1


[Site "https://www.chess.com"]

[Event "Titled Tuesday Blitz March 29 Late 2022"]
[White "Sztokbant, Bernardo Vainzoff"]
[Black "Aravindh, Chithambaram VR."]
[WhiteFideId "2115956"]
[BlackFideId "5072786"]
[WhiteElo "2237"]
[BlackElo "2561"]
[Result "1-0"]
[Round "01"]
[TimeControl "180+1"]
[Date "2022.03.29"]
[WhiteClock "0:00:12"]
[BlackClock "0:00:01"]

1. e4 g6 2. d4 Bg7 3. Nf3 d6 4. Nc3 Nf6 5. Be2 a6 6. a4 Nc6 7. O-O O-O 8. Re1 Bg4 9. Be3 Nd7 10. Qd2 e5 11. dxe5 Ndxe5 12. Nxe5 Nxe5 13. Bh6 Bxe2 14. Bxg7 Kxg7 15. Rxe2 f5 16. exf5 Rxf5 17. f4 Nc6 18. Rae1 d5 19. g4 Rf7 20. Nxd5 Rd7 21. Qc3+ Kf7 22. Ne3 Nd4 23. Rf2 c5 24. Nc4 Kg8 25. Ne5 Rc7 26. Qc4+ Kg7 27. c3 Nc6 28. Qxc5 Ne7 29. Qe3 Nd5 30. Qd4 Nf6 31. Rd2 Qxd4+ 32. Rxd4 Re8 33. h3 Re6 34. Kf2 Rce7 35. g5 Ne8 36. Red1 Kf8 37. Rd7 Ng7 38. Kf3 Nf5 39. Rd8+ Kg7 40. R8d7 h6 41. Rxe7+ Rxe7 42. Rd7 hxg5 43. fxg5 Rxd7 44. Nxd7 Nd6 45. Nc5 a5 46. Kf4 b6 47. Nd7 b5 48. axb5 Nxb5 49. Nb6 Kf7 50. Ke5 Ke7 51. h4 Nd6 52. Nd5+ Kd7 53. Nf6+ Ke7 54. Nd5+ Kd7 55. Kf6 a4 56. Kxg6 Nc4 57. h5 Nxb2 58. h6 a3 59. Nb4 Nd3 60. Nxd3 a2 61. Nc5+ Kc6 62. Nb3 Kb5 63. h7 Ka4 64. Na1 Ka3 65. h8=Q Kb2 66. c4+ Kb1 67. c5 Kc1 68. c6 1-0


[Site "https://www.chess.com"]

[Event "Titled Tuesday Blitz March 29 Late 2022"]
[White "Tang, Andrew"]
[Black "Karas, Marek"]
[WhiteFideId "2059630"]
[BlackFideId "14928558"]
[WhiteElo "2584"]
[BlackElo "2271"]
[Result "0-1"]
[Round "01"]
[TimeControl "180+1"]
[Date "2022.03.29"]
[WhiteClock "0:00:01"]
[BlackClock "0:01:18"]

1. d4 Nf6 2. c4 e6 3. Nc3 d5 4. cxd5 Nxd5 5. e4 Nxc3 6. bxc3 c5 7. Nf3 cxd4 8. cxd4 Bb4+ 9. Bd2 Bxd2+ 10. Qxd2 O-O 11. Rc1 Nd7 12. Bd3 b6 13. O-O Bb7 14. Qf4 Rc8 15. h4 Nf6 16. e5 Nd5 17. Qg4 h6 18. Qe4 f5 19. exf6 Qxf6 20. Qh7+ Kf7 21. Ne5+ Ke8 22. Bb5+ Ke7 23. Ng6+ Kf7 24. Nxf8 Rxf8 25. Rfe1 Qxh4 26. Bd7 Nf4 27. Rc7 Qg5 28. Bxe6+ Kf6 29. Qxg7+ Qxg7 30. Rxg7 Kxg7 31. Bg4 Nxg2 32. Re7+ Rf7 33. Re6 Nf4 34. Rd6 h5 35. Bd1 h4 0-1


[Site "https://www.chess.com"]

[Event "Titled Tuesday Blitz March 29 Late 2022"]
[White "Tarigan, Gilbert Elroy"]
[Black "Guerrero Vargas, Andres Jesus"]
[WhiteFideId "7108133"]
[BlackFideId "3902048"]
[WhiteElo "1908"]
[BlackElo "2231"]
[Result "1-0"]
[Round "01"]
[TimeControl "180+1"]
[Date "2022.03.30"]
[WhiteClock "0:00:09"]
[BlackClock "0:00:05"]

1. e4 e5 2. Nf3 Nc6 3. Bb5 a6 4. Ba4 d6 5. O-O Bg4 6. h3 h5 7. d4 b5 8. Bb3 Nxd4 9. hxg4 hxg4 10. Ng5 Nh6 11. g3 Be7 12. f4 Qd7 13. Nc3 f6 14. Ne6 Nxb3 15. axb3 Qxe6 16. Nxb5 Qd7 17. Nc3 Nf7 18. f5 d5 19. Qxd5 Qxd5 20. Nxd5 Bc5+ 21. Kg2 Ra7 22. b4 Bd6 23. Be3 Rb7 24. Rxa6 O-O 25. c3 Rfb8 26. Rfa1 Nd8 27. Ra7 Kf7 28. Rxb7 Rxb7 29. Ra8 Nc6 30. Bf2 Nb8 31. Ne3 c6 32. Nxg4 Rd7 33. Kf3 Rd8 34. Ke2 Bc7 35. Ra7 Rd7 36. Ne3 g6 37. g4 g5 38. Nc4 Ke7 39. Bc5+ Kd8 40. Na5 Rh7 41. Ra8 Rh2+ 42. Kd3 Kd7 43. Ra7 Kd8 44. Be7+ Kc8 45. Bxf6 Rxb2 46. Bxg5 Rb3 47. Bd2 Ra3 48. Nxc6 1-0


[Site "https://www.chess.com"]

[Event "Titled Tuesday Blitz March 29 Late 2022"]
[White "Terletsky, Oleg"]
[Black "Tanenbaum, Zachary"]
[WhiteFideId "14116774"]
[BlackFideId "2060850"]
[WhiteElo "2064"]
[BlackElo "2168"]
[Result "1-0"]
[Round "01"]
[TimeControl "180+1"]
[Date "2022.03.30"]
[WhiteClock "0:00:07"]
[BlackClock "0:00:03"]

1. e4 e5 2. Nf3 Nc6 3. Nc3 Nf6 4. d4 exd4 5. Nxd4 Bb4 6. Nxc6 bxc6 7. Bd3 d5 8. exd5 O-O 9. O-O cxd5 10. Bg5 c6 11. Qf3 Be7 12. Rae1 Rb8 13. Nd1 h6 14. Bxh6 gxh6 15. Qg3+ Bg4 16. h3 Bd6 17. f4 Bc5+ 18. Kh1 h5 19. Re5 Re8 20. Rg5+ Kf8 21. hxg4 hxg4 22. Qh4 Re6 23. f5 Re5 24. a3 Ke7 25. Rh5 Qd6 26. b4 Bb6 27. Rh6 c5 28. c3 d4 29. Nb2 Re3 30. Nc4 Qc6 31. Nxe3 dxe3 32. b5 Qd6 33. Bc4 Rd8 34. Re1 Qe5 35. Rxf6 Kd7 36. Rxf7+ Kc8 37. Qe7 Kb8 38. Qxe5+ Ka8 39. Bd5+ Rxd5 40. Qxd5+ Kb8 41. Qb7# 1-0


[Site "https://www.chess.com"]

[Event "Titled Tuesday Blitz March 29 Late 2022"]
[White "Terrieux, Kevin"]
[Black "Sarkar, Justin"]
[WhiteFideId "622591"]
[BlackFideId "2010011"]
[WhiteElo "2482"]
[BlackElo "2038"]
[Result "1-0"]
[Round "01"]
[TimeControl "180+1"]
[Date "2022.03.30"]
[WhiteClock "0:00:22"]
[BlackClock "0:00:01"]

1. d4 Nf6 2. f3 d5 3. e4 dxe4 4. Nc3 e5 5. dxe5 Qxd1+ 6. Kxd1 Nfd7 7. Nd5 Kd8 8. Bg5+ f6 9. exf6 gxf6 10. Nxf6 h6 11. Nxd7+ hxg5 12. Nxf8 Rxf8 13. Be2 Bf5 14. fxe4 Bxe4 15. Bf3 Nc6 16. Kd2 Bxf3 17. Nxf3 g4 18. Nh4 Rf2+ 19. Kc3 b5 20. Rad1+ Kc8 21. Rhf1 b4+ 22. Kb3 Nd4+ 23. Kc4 Rxf1 24. Rxf1 Nxc2 25. Kd3 b3 26. axb3 Nb4+ 27. Kc4 Nc6 28. Rf8+ Nd8 29. Rg8 1-0


[Site "https://www.chess.com"]

[Event "Titled Tuesday Blitz March 29 Late 2022"]
[White "Tiarks, Jann-Christian"]
[Black "Szpar, Milosz"]
[WhiteFideId "12951595"]
[BlackFideId "1184989"]
[WhiteElo "2176"]
[BlackElo "2447"]
[Result "1/2-1/2"]
[Round "01"]
[TimeControl "180+1"]
[Date "2022.03.30"]
[WhiteClock "0:00:05"]
[BlackClock "0:00:06"]

1. e4 c5 2. c3 d5 3. exd5 Qxd5 4. d4 Nf6 5. Nf3 Bg4 6. Be2 e6 7. Na3 Nc6 8. O-O Be7 9. Be3 cxd4 10. Nb5 O-O 11. Nbxd4 Rfd8 12. Nxc6 Qxc6 13. Nd4 Bxe2 14. Nxc6 Rxd1 15. Nxe7+ Kf8 16. Ng6+ hxg6 17. Rfxd1 Bxd1 18. Rxd1 Ke8 19. f3 Nd5 20. Bd4 f6 21. c4 Nb4 22. a3 Nc6 23. Bc3 a5 24. Kf2 a4 25. g4 Rc8 26. h4 Nb8 27. Rd6 Kf7 28. Rb6 Rc7 29. Rb4 Nd7 30. Rxa4 Nb6 31. Ra7 Nxc4 32. a4 Ke7 33. a5 Kd7 34. Ra8 e5 35. Rg8 Ke6 36. h5 gxh5 37. gxh5 Kf5 38. Rh8 Nxb2 39. Bxb2 Rc2+ 40. Kg3 Rxb2 41. Rh7 Kg5 42. Rxg7+ Kxh5 43. Kh3 Rb3 44. Kg3 e4 45. Kf4 exf3 46. Kf5 Kh6 47. Rg6+ Kh7 48. Rxf6 Kg7 49. Rg6+ Kf7 50. Rf6+ Ke7 51. Re6+ Kd7 52. Rf6 Kc7 53. Ke4 Kb8 54. Kd4 Ka7 55. Kc4 Ra3 56. Kb4 Re3 57. Kb5 Kb8 58. Kb6 Rb3+ 59. Kc5 Kc7 60. Rf7+ Kd8 61. Rf6 Ke7 62. Rf5 Ke6 63. Rf8 Ke5 64. Kc4 Ra3 65. Kb4 Re3 66. Rf7 Re2 67. Kc3 Ke4 68. Rxb7 f2 69. Rf7 Ra2 70. Kb4 Ke3 71. Kb5 Rb2+ 72. Kc6 Rc2+ 73. Kb6 Rb2+ 74. Kc6 Ra2 75. Kb6 Ke2 76. a6 Ra3 77. a7 Rb3+ 78. Kc7 Ra3 79. Kb7 Rxa7+ 80. Kxa7 f1=Q 81. Rxf1 Kxf1 1/2-1/2


[Site "https://www.chess.com"]

[Event "Titled Tuesday Blitz March 29 Late 2022"]
[White "Toncheva, Nadya"]
[Black "Pulpan, Jakub"]
[WhiteFideId "2924056"]
[BlackFideId "302759"]
[WhiteElo "1884"]
[BlackElo "2495"]
[Result "1-0"]
[Round "01"]
[TimeControl "180+1"]
[Date "2022.03.30"]
[WhiteClock "0:00:12"]
[BlackClock "0:00:01"]

1. e4 e5 2. Nf3 Nc6 3. Bc4 Nf6 4. d3 Be7 5. O-O O-O 6. c3 d6 7. Re1 Kh8 8. Nbd2 Ng8 9. Nf1 f5 10. exf5 Bxf5 11. h3 d5 12. Bb5 e4 13. dxe4 Bxe4 14. Nd4 Nxd4 15. Qxd4 c6 16. Bd3 Nf6 17. Ng3 c5 18. Qe3 Bxd3 19. Qxd3 Bd6 20. Nf5 Ne4 21. Nxd6 Nxd6 22. Qxd5 Qb6 23. Be3 Rf5 24. Qd3 Raf8 25. Rad1 Ne8 26. b4 Qf6 27. Bxc5 Rxc5 28. bxc5 Qxf2+ 29. Kh1 Nf6 30. Qf3 Qxc5 31. Qxb7 h6 32. Qe7 Qc8 33. Qxa7 Qxc3 34. Qd4 Qa3 35. Qd6 Qa8 36. a4 Rg8 37. Ra1 Ne4 38. Qf4 Ng5 39. a5 Rf8 40. Qg3 Ne4 41. Qe3 Nf6 42. a6 Rf7 43. a7 Kh7 44. Qd3+ g6 45. Qf3 Nd5 46. Qxf7+ 1-0


[Site "https://www.chess.com"]

[Event "Titled Tuesday Blitz March 29 Late 2022"]
[White "Torres Hernandez, Leslie Carolin"]
[Black "Krstulovic, Alex"]
[WhiteFideId "8400504"]
[BlackFideId "760056"]
[WhiteElo "1920"]
[BlackElo "2193"]
[Result "0-1"]
[Round "01"]
[TimeControl "180+1"]
[Date "2022.03.30"]
[WhiteClock "0:00:42"]
[BlackClock "0:01:35"]

1. e4 c5 2. Nf3 e6 3. d4 cxd4 4. Nxd4 Nf6 5. Qd3 Nc6 6. c4 Nb4 7. Qe2 Bc5 8. Nb3 Bb6 9. Nc3 d6 10. Bf4 e5 11. Bg3 Be6 12. c5 Bxb3 13. Qb5+ Nc6 14. cxb6 Be6 15. bxa7 Rxa7 16. Nd5 Nxe4 17. O-O-O Ra5 18. Qc4 Rc5 0-1


[Site "https://www.chess.com"]

[Event "Titled Tuesday Blitz March 29 Late 2022"]
[White "Tregubov, Pavel V."]
[Black "Brizzi, Milagros Tatiana"]
[WhiteFideId "4115341"]
[BlackFideId "128350"]
[WhiteElo "2341"]
[BlackElo "1844"]
[Result "1-0"]
[Round "01"]
[TimeControl "180+1"]
[Date "2022.03.30"]
[WhiteClock "0:00:55"]
[BlackClock "0:00:03"]

1. e4 c6 2. Nc3 d5 3. Nf3 Bg4 4. h3 Bxf3 5. Qxf3 e6 6. g3 Nd7 7. Bg2 Ngf6 8. d4 dxe4 9. Nxe4 Nxe4 10. Qxe4 Nf6 11. Qd3 Be7 12. O-O O-O 13. Rd1 Qb6 14. c4 Rad8 15. Be3 Qc7 16. Qe2 Rfe8 17. Rab1 a5 18. a3 Bf8 19. b4 axb4 20. axb4 b5 21. cxb5 cxb5 22. Qxb5 Nd5 23. Rdc1 Qa7 24. Qa5 Qb8 25. Bg5 f6 26. Bd2 Bd6 27. b5 Bc7 28. Qa2 Bb6 29. Rc4 Rd7 30. Rbc1 Red8 31. Rc6 Kf7 32. Qc4 Ba7 33. Re1 Rd6 34. Rxe6 Kxe6 35. Qxd5+ Ke7 36. Bb4 1-0


[Site "https://www.chess.com"]

[Event "Titled Tuesday Blitz March 29 Late 2022"]
[White "Vachier-Lagrave, Maxime"]
[Black "Aldokhin, Ivan"]
[WhiteFideId "623539"]
[BlackFideId "24115720"]
[WhiteElo "2813"]
[BlackElo "2231"]
[Result "1-0"]
[Round "01"]
[TimeControl "180+1"]
[Date "2022.03.29"]
[WhiteClock "0:02:00"]
[BlackClock "0:00:25"]

1. c4 Nf6 2. Nf3 g6 3. g3 Bg7 4. Bg2 O-O 5. O-O d6 6. Nc3 Nc6 7. d4 Bf5 8. b3 Ne4 9. Nd5 Nf6 10. Re1 a5 11. a3 Be4 12. Nc3 Bf5 13. h3 Ne4 14. Nd5 e5 15. Bb2 Qd7 16. g4 Be6 17. dxe5 dxe5 18. Qc2 Nc5 19. Rad1 Bxd5 20. cxd5 1-0


[Site "https://www.chess.com"]

[Event "Titled Tuesday Blitz March 29 Late 2022"]
[White "Vargas, Gabriela"]
[Black "Kosteniuk, Alexandra"]
[WhiteFideId "3700860"]
[BlackFideId "4128125"]
[WhiteElo "2071"]
[BlackElo "2469"]
[Result "0-1"]
[Round "01"]
[TimeControl "180+1"]
[Date "2022.03.30"]
[WhiteClock "0:00:22"]
[BlackClock "0:01:06"]

1. d4 Nf6 2. Nf3 e6 3. Bg5 d5 4. Nbd2 c5 5. e3 Nc6 6. c3 Be7 7. Bd3 b6 8. O-O Bb7 9. Ne5 Nxe5 10. dxe5 Nd7 11. Bxe7 Qxe7 12. f4 f6 13. Qh5+ Qf7 14. Qxf7+ Kxf7 15. exf6 gxf6 16. e4 Rad8 17. Rad1 h5 18. exd5 exd5 19. Bf5 Nf8 20. Nf3 Ne6 21. Nh4 Rhg8 22. Rde1 Nc7 23. Bh7 Rg7 24. Bc2 d4 25. cxd4 cxd4 26. Bb3+ Kf8 27. g3 d3 28. Nf5 Rgd7 29. Rd1 Be4 30. Ne3 f5 31. Rd2 b5 32. Nd1 h4 33. Kf2 hxg3+ 34. hxg3 Rh7 35. Nc3 Bc6 36. Re1 b4 0-1


[Site "https://www.chess.com"]

[Event "Titled Tuesday Blitz March 29 Late 2022"]
[White "Vovk, Orest"]
[Black "Pakleza, Zbigniew"]
[WhiteFideId "14113490"]
[BlackFideId "1119290"]
[WhiteElo "2448"]
[BlackElo "2780"]
[Result "1-0"]
[Round "01"]
[TimeControl "180+1"]
[Date "2022.03.30"]
[WhiteClock "0:00:14"]
[BlackClock "0:00:07"]

1. h4 d5 2. h5 h6 3. e4 dxe4 4. Nc3 Nf6 5. Qe2 Qd4 6. Rh4 Nc6 7. Nxe4 Nxe4 8. Qxe4 Qxe4+ 9. Rxe4 Bf5 10. Rc4 O-O-O 11. d3 e5 12. Be3 Be6 13. Ra4 a6 14. O-O-O Nb4 15. a3 Nd5 16. g3 Nxe3 17. fxe3 Bc5 18. Re1 Rhe8 19. Re4 Bd5 20. Rg4 Bf8 21. e4 Bc6 22. Nf3 Bd7 23. Rh4 Kb8 24. Bh3 Bb5 25. Bf5 c5 26. b3 Bc6 27. Rg4 c4 28. bxc4 Bxa3+ 29. Kd2 Bf8 30. Rb1 Kc7 31. Ne1 a5 32. Ng2 b6 33. Ne3 a4 34. Nd5+ Bxd5 35. exd5 Ra8 36. Kc3 a3 37. Kb3 Ra5 38. Ka2 Rb8 39. Re4 Kd6 40. Rbe1 f6 41. Rb1 Kc7 42. Rg4 Ra7 43. Rb5 Kd6 44. Be6 Ke7 45. d4 exd4 46. Rxd4 Kd8 47. d6 Ra5 48. Rxa5 bxa5 49. Kxa3 1-0


[Site "https://www.chess.com"]

[Event "Titled Tuesday Blitz March 29 Late 2022"]
[White "Vusatiuk, Vladimir"]
[Black "Van Foreest, Jorden"]
[WhiteFideId "14118610"]
[BlackFideId "1039784"]
[WhiteElo "2157"]
[BlackElo "2609"]
[Result "0-1"]
[Round "01"]
[TimeControl "180+1"]
[Date "2022.03.29"]
[WhiteClock "0:00:02"]
[BlackClock "0:00:38"]

1. d4 g6 2. c4 Bg7 3. Nc3 d6 4. e4 Nc6 5. Nf3 Bg4 6. Be3 e5 7. dxe5 Nxe5 8. Be2 Nxf3+ 9. Bxf3 Bxf3 10. Qxf3 Nf6 11. Bd4 O-O 12. O-O Re8 13. Rfe1 Qe7 14. e5 dxe5 15. Bxe5 c6 16. Re2 Qd8 17. Rd1 Nd7 18. Bxg7 Kxg7 19. Red2 Qe7 20. h3 Nf6 21. b3 Qe5 22. Re2 Qc5 23. Ne4 Nxe4 24. Rxe4 Rad8 25. Rxe8 Rxe8 26. Rd7 Re1+ 27. Kh2 Re7 28. Rxe7 Qxe7 29. g3 Qe5 30. Kg2 h5 31. h4 Qd4 32. Qe2 Kf6 33. Qe8 Qd6 34. Qh8+ Kf5 35. Qg8 Qe6 36. Qb8 Qe4+ 37. Kg1 Kg4 38. Qxb7 Kh3 39. Qd7+ f5 40. f3 Qe1# 0-1


[Site "https://www.chess.com"]

[Event "Titled Tuesday Blitz March 29 Late 2022"]
[White "Wieczorek, Oskar"]
[Black "Sanchez, Robert"]
[WhiteFideId "1133950"]
[BlackFideId "2034360"]
[WhiteElo "2319"]
[BlackElo "2274"]
[Result "0-1"]
[Round "01"]
[TimeControl "180+1"]
[Date "2022.03.30"]
[WhiteClock "0:01:27"]
[BlackClock "0:01:35"]

1. e4 e6 2. d4 d5 3. Nd2 Nf6 4. e5 Nfd7 5. f4 c5 6. c3 Nc6 7. Ndf3 a5 8. c4 Nb6 9. cxd5 Qxd5 10. Bb5 cxd4 11. Bxc6+ Qxc6 12. Qxd4 Bb4+ 13. Bd2 Bc5 14. Qd3 O-O 15. Rc1 Nd5 16. Ne2 Qb6 17. Ned4 Bd7 18. Be3 Nxe3 19. Qxe3 Bb5 20. Kf2 Rad8 21. Rhd1 Bc6 22. Qc3 Bxf3 23. Qxc5 Qxc5 0-1


[Site "https://www.chess.com"]

[Event "Titled Tuesday Blitz March 29 Late 2022"]
[White "Winkels, Marcel"]
[Black "Taichman, Ori"]
[WhiteFideId "1003887"]
[BlackFideId "2804069"]
[WhiteElo "1900"]
[BlackElo "2227"]
[Result "0-1"]
[Round "01"]
[TimeControl "180+1"]
[Date "2022.03.30"]
[WhiteClock "0:00:02"]
[BlackClock "0:00:42"]

1. e4 c6 2. d4 d5 3. exd5 cxd5 4. c4 Nf6 5. Nc3 e6 6. Nf3 Bb4 7. cxd5 Nxd5 8. Qc2 Nc6 9. Bd3 Nf6 10. Be3 O-O 11. O-O Bd7 12. a3 Ba5 13. Bg5 h6 14. Bh4 Rc8 15. Rad1 Bc7 16. d5 exd5 17. Nxd5 g5 18. Nxf6+ Qxf6 19. Bg3 Bxg3 20. fxg3 Nd4 21. Bh7+ Kg7 22. Qd3 Nxf3+ 23. Rxf3 Qb6+ 24. Kh1 Bb5 25. Qf5 Rc5 26. Qe4 Qd6 27. Re1 Bc6 28. Qb1 Bxf3 29. gxf3 f5 30. b4 Re5 31. Rd1 Qe7 32. Qb2 Kxh7 33. f4 Re1+ 34. Rxe1 Qxe1+ 35. Kg2 Re8 0-1


[Site "https://www.chess.com"]

[Event "Titled Tuesday Blitz March 29 Late 2022"]
[White "Zherebtsova, Alexandra"]
[Black "Rozman, Levy"]
[WhiteFideId "24129518"]
[BlackFideId "2039877"]
[WhiteElo "2025"]
[BlackElo "2376"]
[Result "0-1"]
[Round "01"]
[TimeControl "180+1"]
[Date "2022.03.30"]
[WhiteClock "0:00:08"]
[BlackClock "0:00:12"]

1. d4 d5 2. Nf3 Nf6 3. c4 dxc4 4. e3 Bg4 5. Bxc4 e6 6. Nbd2 Nc6 7. O-O Bd6 8. Qb3 a6 9. Bd3 O-O 10. e4 e5 11. d5 Na5 12. Qc3 c5 13. Nxe5 b5 14. Nxg4 Nxg4 15. Nf3 c4 16. Bc2 Qc7 17. h3 Ne5 18. Nd4 b4 19. Qe1 Rfe8 20. Nf5 Bf8 21. f4 Nd3 22. Bxd3 cxd3 23. Bd2 Qc4 24. Ng3 Qd4+ 25. Rf2 Nc4 26. Bxb4 Bxb4 27. Qxb4 Rec8 28. b3 Qxa1+ 29. Rf1 a5 30. Qe7 Qd4+ 31. Kh2 Ne3 32. Rf3 d2 33. Qg5 d1=Q 34. Nh5 Qxf3 35. gxf3 Rc2+ 36. Kg3 Rg2+ 37. Kh4 Rxg5 38. fxg5 Nxd5 0-1


[Site "https://www.chess.com"]

[Event "Titled Tuesday Blitz March 29 Late 2022"]
[White "Zhukov, Maksim"]
[Black "Najer, Evgeniy"]
[WhiteFideId "34181790"]
[BlackFideId "4118987"]
[WhiteElo "1978"]
[BlackElo "2562"]
[Result "0-1"]
[Round "01"]
[TimeControl "180+1"]
[Date "2022.03.30"]
[WhiteClock "0:00:38"]
[BlackClock "0:01:53"]

1. d4 Nf6 2. Nf3 d5 3. c4 e6 4. g3 Bb4+ 5. Bd2 Be7 6. Qc2 O-O 7. Bg2 c5 8. O-O cxd4 9. Nxd4 e5 10. Nb3 d4 11. Rd1 Nc6 12. Be1 Bg4 13. h3 Bh5 14. g4 Bg6 15. Qc1 h5 16. g5 Ne4 17. h4 f6 18. N1d2 Nxd2 19. Bxd2 fxg5 20. hxg5 Qd7 21. e3 Qg4 22. f3 Rxf3 23. Rf1 Rxf1+ 24. Qxf1 Rf8 25. Qe1 Be4 0-1


[Site "https://www.chess.com"]

[Event "Titled Tuesday Blitz March 29 Late 2022"]
[White "Aggelis, Nikolaos"]
[Black "Oganian, Miran"]
[WhiteFideId "4213220"]
[BlackFideId "4122488"]
[WhiteElo "2154"]
[BlackElo "2357"]
[Result "1-0"]
[Round "02"]
[TimeControl "180+1"]
[Date "2022.03.30"]
[WhiteClock "0:00:22"]
[BlackClock "0:00:01"]

1. d4 e6 2. g3 d5 3. Nf3 Nf6 4. Bg2 b5 5. O-O Be7 6. b3 O-O 7. c4 bxc4 8. bxc4 Bb7 9. Nc3 Nbd7 10. Rb1 Rb8 11. c5 Bc6 12. Bf4 Nh5 13. Bd2 Nhf6 14. Bf4 Qc8 15. Qd3 h6 16. a4 Ne4 17. Nb5 Bxb5 18. axb5 g5 19. Be3 f5 20. c6 Nb6 21. Ne5 Bf6 22. f3 Nd6 23. Bf2 Ndc4 24. e4 Nxe5 25. dxe5 Bxe5 26. exf5 Rxf5 27. Rfe1 Nc4 28. Bh3 Rf6 29. Bxa7 Ra8 30. Bd4 Ra3 31. Qd1 Bxd4+ 32. Qxd4 Kf7 33. Bg4 Qb8 34. Qc5 Qb6 35. Qxb6 Nxb6 36. Ra1 Rxa1 37. Rxa1 Kg6 38. Ra7 h5 39. Bh3 d4 40. Rxc7 d3 41. Kf2 g4 42. Rb7 Rxf3+ 43. Ke1 Nc4 44. Rd7 d2+ 45. Rxd2 Nxd2 46. Kxd2 Rf2+ 47. Kc1 Rf3 48. Kc2 Rf2+ 49. Kb3 Rf3+ 50. Kb4 gxh3 51. c7 1-0


[Site "https://www.chess.com"]

[Event "Titled Tuesday Blitz March 29 Late 2022"]
[White "Aldokhin, Ivan"]
[Black "Zhukov, Maksim"]
[WhiteFideId "24115720"]
[BlackFideId "34181790"]
[WhiteElo "2231"]
[BlackElo "1978"]
[Result "1-0"]
[Round "02"]
[TimeControl "180+1"]
[Date "2022.03.30"]
[WhiteClock "0:01:06"]
[BlackClock "0:01:27"]

1. e4 c6 2. Nc3 d5 3. Nf3 dxe4 4. Nxe4 Nd7 5. Qe2 e6 6. d4 Ngf6 7. Nxf6+ Nxf6 8. g3 c5 9. dxc5 Qa5+ 10. c3 Qxc5 11. Bg2 Be7 12. O-O O-O 13. Be3 Qc7 14. Bf4 Qb6 15. Ne5 Nd5 16. Bc1 Bf6 17. c4 Ne7 18. Be3 Qa5 19. Ng4 e5 20. Nxf6+ gxf6 21. a3 Qc7 22. b4 Be6 23. Rac1 Rfd8 24. Qf3 Rd7 25. Qxf6 Bxc4 26. Bh6 Nf5 27. Qxf5 1-0


[Site "https://www.chess.com"]

[Event "Titled Tuesday Blitz March 29 Late 2022"]
[White "Almedina Ortiz, Edgardo J."]
[Black "Baches Garcia, Guillermo"]
[WhiteFideId "3100197"]
[BlackFideId "2209764"]
[WhiteElo "2217"]
[BlackElo "2498"]
[Result "1-0"]
[Round "02"]
[TimeControl "180+1"]
[Date "2022.03.30"]
[WhiteClock "0:00:19"]
[BlackClock "0:00:07"]

1. d4 Nf6 2. c4 e6 3. Nf3 d5 4. g3 Be7 5. Bg2 O-O 6. O-O dxc4 7. Qc2 a6 8. a4 Bd7 9. Qxc4 Bc6 10. Bg5 Nbd7 11. Nc3 h6 12. Bd2 Bxf3 13. Bxf3 c6 14. b4 Nb6 15. Qb3 Nbd5 16. e4 Nxb4 17. a5 Qxd4 18. Be3 Qd3 19. Rfd1 Qc2 20. Qc4 Rfd8 21. Rdc1 Qb2 22. Rab1 Qa3 23. Ra1 Qb2 24. Rab1 Qa3 25. Bb6 Rd2 26. Be3 Rb2 27. Ra1 Qb3 28. Qf1 Rc2 29. Bd1 Rxc1 30. Rxc1 Qb2 31. Na4 Qa3 32. Qc4 Rd8 33. Bb3 Rd3 34. Rb1 Rxb3 35. Qxb3 Qxb3 36. Rxb3 Nxe4 37. f3 Nf6 38. Nc5 Nbd5 39. Rxb7 Bf8 40. Bf2 Nc3 41. Nxa6 Nfd5 42. Nc7 Nxc7 43. Rxc7 Nb5 44. Rxc6 1-0


[Site "https://www.chess.com"]